 Dungeon Crawl Stone Soup version 0.29-a0-275-g389c0b56f3 (webtiles) character file.

Game seed: 13386885945213798901

870 spaghetti the Sneak (level 8, 0/52 HPs)
             Began as an Octopode Fighter on Mar 10, 2022.
             Was an Initiate of Dithmenos.
             Killed by an exploding adder (52 damage)
             ... ignited by their inner flame
             ... on level 5 of the Dungeon.
             The game lasted 00:06:22 (4389 turns).

spaghetti the Sneak (Octopode Fighter)              Turns: 4389, Time: 00:06:22

Health: 0/52       AC:  1    Str: 15    XL:     8   Next: 3%
Magic:  8/8        EV: 14    Int: 11    God:    Dithmenos [......]
Gold:   118        SH:  6    Dex: 19    Spells: 7/7 levels left

rFire   . . .      SeeInvis .   s - +0 falchion (venom) {long}
rCold   . . .      Faith    .   b - +1 buckler
rNeg    + . .      Spirit   .   (helmet restricted)
rPois   .          Reflect  .   w - amulet of the Quahog {Fragile Will+ Regen+ Dex+6 Stlth+}
rElec   .          Harm     .   m - ring of positive energy
rCorr   .          Rampage  .   (no ring)
Will    +....                   (no ring)
Stlth   ++++++....              (no ring)
HPRegen 0.97/turn               (no ring)
MPRegen 0.11/turn               (no ring)
                                (no ring)
                                (no ring)

@: no status effects
A: almost no armour, amphibious, 8 rings, camouflage 1, gelatinous body 1,
(nimble swimmer 1), tentacles
a: Renounce Religion


You were on level 5 of the Dungeon.
You worshipped Dithmenos.
Dithmenos was noncommittal.
You visited 1 branch of the dungeon, and saw 5 of its levels.

You collected 118 gold pieces.


Innate Abilities, Weirdness & Mutations

You cannot wear most types of armour.
You are amphibious.
You can wear up to eight rings at the same time.
Your skin changes colour to match your surroundings (Stealth+).
Your rubbery body absorbs attacks. (AC +1, EV +1)
((You are camouflaged when in or above water. (Stealth+)))
You have tentacles for arms and can constrict up to eight enemies at once.


   Skills:
 - Level 3.0 Fighting
 + Level 7.2 Long Blades
 - Level 3.0 Dodging
 + Level 7.6 Stealth
 - Level 3.0 Shields


You had 7 spell levels left.
You didn't know any spells.
Your spell library contained the following spells:

 Spells                   Type           Power      Damage    Failure   Level
 Conjure Flame            Conj/Fire      0%         6-21      80%         3
 Ignite Poison            Fire/Tmut/Pois 0%         N/A       80%         3
 Sticky Flame             Conj/Fire      0%         2d3       99%         4

Inventory:

Hand Weapons
 f - a +2 vampiric dagger {short}
   (You took it off a kobold on level 1 of the Dungeon)
 s - a +0 falchion of venom (weapon) {long}
   (You found it on level 2 of the Dungeon)
Missiles
 g - 153 stones (quivered) {throwing}
 r - 5 poisoned darts {throwing}
Armour
 b - a +1 buckler (worn)
Magical Staves
 x - a staff of death {!astaff}
   (You found it on level 4 of the Dungeon)
Jewellery
 h - an amulet of guardian spirit
   (You found it on level 1 of the Dungeon)
 m - a ring of positive energy (left tentacle)
   (You found it on level 1 of the Dungeon)
 w - the amulet of the Quahog (around mantle) {Fragile Will+ Regen+ Dex+6 Stlth+}
   (You acquired it on level 3 of the Dungeon)

   [amulet of regeneration]

   Dex:       It affects your dexterity (+6).
   Regen:     It increases your rate of health regeneration.
   Fragile:   It will be destroyed if unequipped.
   Will:      It increases your willpower.
   Stlth:     It makes you more stealthy.
Scrolls
 a - a scroll of enchant armour
 c - 2 scrolls of amnesia
 d - a scroll of fog
 e - a scroll of vulnerability {!r!r}
 k - 3 scrolls of fear
 t - a scroll of teleportation {@r4}
 u - a scroll of silence {!r}
Potions
 j - 2 potions of lignification {!q}
 n - a potion of berserk rage {!q}
 o - 4 potions of flight
 p - 5 potions of curing {unknown}
 q - a potion of heal wounds {unknown}
 v - a potion of mutation {unknown}
 z - a potion of cancellation {unknown}
 A - a potion of haste {unknown}

Dungeon Overview and Level Annotations

Branches:
Dungeon (5/15)             Temple (0/1) D:4

Altars:
Dithmenos
Nemelex Xobeh

Shops:
D:4

? #........#
###++ #........#
#........#
#........#
#........#
#.####...#
####.####...# .
#...........#....
#.......#@§§.....
#........#§§.##..
###+####..#§.#
....#...
......#..#
....##..##..
.....# ..# .
....... #..
#####+.? ..


There were no monsters in sight!


Message History

There is an open door here.
Key pressed, stopping explore.
There is an open door here.
You open the door.
There is an open door here.
A white imp comes into view.
A white imp is nearby!
A white imp is nearby!
You throw a stone {throwing}.
The stone {throwing} hits the white imp but does no damage.
The white imp shouts, "Embrace thy fall, thou venomed rump-fed ratsbane!"
No target in view!
No target in view!
No target in view!
No target in view!
No target in view!
No target in view!
No target in view!
No target in view!
No target in view!
The white imp gestures at you. The puff of frost hits you. 😕 HP[-5]
You take 5 damage, and now have 47/52 hp.
You throw a stone {throwing}.
The stone {throwing} hits the white imp but does no damage.
The white imp gestures at you. The puff of frost misses you. 😕 HP[+1]
You throw a stone {throwing}.
The stone {throwing} barely misses the white imp.
You throw a stone {throwing}.
The stone {throwing} barely misses the white imp.
You throw a stone {throwing}.
The stone {throwing} closely misses the white imp.
You throw a stone {throwing}.
The stone {throwing} hits the white imp but does no damage.
The white imp gestures at you. The puff of frost misses you.
You throw a stone {throwing}.
The stone {throwing} hits the white imp but does no damage.
You hit the white imp but do no damage. You grab the white imp.
You constrict the white imp. The white imp closely misses you.
You hit the white imp. You constrict the white imp.
You completely miss the white imp.
You squeeze the white imp, but do no damage.
You constrict the white imp. The white imp barely misses you.
You hit the white imp but do no damage. You constrict the white imp.
You kill the white imp!
Dithmenos accepts your kill.
No target in view!
No target in view! 😎 HP[+4]
Your hp is fully restored (52).
No target in view!
No target in view!
No target in view!
No target in view!
No target in view!
No target in view!
No target in view!
No target in view!
No target in view!
No target in view!
No target in view!
No target in view!
No target in view!
No target in view!
No target in view!
No target in view!
No target in view!
No target in view!
No target in view!
No target in view!
No target in view!
No target in view!
g - 149 stones {throwing} (gained 2)
g - 151 stones {throwing} (gained 2)
g - 153 stones {throwing} (gained 2) Key pressed, stopping explore.
You open the door.
There is an open door here.
i - a scroll labelled XOTZEFIZAL
p - 5 viscous cyan potions (gained 1)
An adder comes into view.
As you read the scroll labelled XOTZEFIZAL, it crumbles to dust.
The creatures around you are filled with an inner flame!
It was a scroll of immolation.
Unknown command.
Okay, then.
An adder is nearby!
An adder is nearby!
An adder is nearby!
The helpless adder fails to defend itself.
You slash the adder! Dithmenos accepts your kill.
The adder explodes!
The fiery explosion engulfs you!!!
Ouch! That really hurt!
You die...

Skill      XL: |  1  2  3  4  5  6  7 |
---------------+----------------------+-----
Long Blades    | 3 4 5 6 7 |  7.2
Stealth        | 2 3 5 7 |  7.6
Fighting       | |  3.0
Dodging        | |  3.0
Shields        | |  3.0

Action                   |  1- 3 |  4- 6 |  7- 9 || total
-------------------------+-------+-------+-------++-------
Melee: Long sword        |    71 |    11 |       ||    82
       Constrict         |    18 |    25 |     5 ||    48
       Tentacles         |     6 |    21 |     7 ||    34
       Falchion          |       |    88 |    20 ||   108
       Punch             |       |     2 |       ||     2
Throw: Stone             |    48 |   119 |    21 ||   188
  Use: Scroll            |     2 |    12 |     1 ||    15
       Potion            |       |     1 |       ||     1
 Stab: Sleeping          |     2 |       |     1 ||     3
Armor: Skin              |     3 |     2 |       ||     5
Dodge: Dodged            |    34 |    49 |     7 ||    90
Block: Buckler           |    14 |    18 |     3 ||    35

Levels and vault maps discovered:
D:1:      amcnicky_arrival_choice, layout_basic, minmay_ruptured
D:2:      layout_rooms, shapermc_ecumenical_altar_ellora, uniq_terence
D:3:      layout_basic, nicolae_dithmenos_shadow_blocks, st_stairs_2
D:4:      layout_loops_ring, lemuel_doored_altar, minmay_temple_entry_hall,
          nicolae_stop_n_shop_2
D:5:      layout_gridville, minivault_26, nicolae_stop_n_shop_2,
          kennysheep_generic_room_15, uniq_blork_the_orc, uniq_grinder

Notes
Turn   | Place    | Note
-------+----------+-------------------------------------------
     0 | D:1      | spaghetti the Octopode Fighter began the quest for the Orb.
     0 | D:1      | Reached XP level 1. HP: 16/16 MP: 1/1
     0 | D:1      | magus.rc [v1.9.6]
    75 | D:1      | HP: 4/16 [bat (1)]
   331 | D:1      | Reached XP level 2. HP: 21/21 MP: 2/2
   382 | D:1      | Reached skill level 3 in Long Blades
   446 | D:1      | You fall into a shaft and drop 1 floor!
   493 | D:2      | Reached XP level 3. HP: 23/26 MP: 3/3
   571 | D:2      | You add the spells Conjure Flame, Ignite Poison and Sticky
                  | Flame to your library.
   957 | D:1      | Reached skill level 4 in Long Blades
  1345 | D:1      | Reached XP level 4. HP: 31/31 MP: 4/4
  1635 | D:2      | Noticed Terence
  1649 | D:2      | Killed Terence
  1839 | D:2      | Found a faded altar of an unknown god.
  1997 | D:3      | Noticed a phantom
  2015 | D:3      | HP: 7/31 [phantom (3)]
  2017 | D:3      | Killed a phantom
  2018 | D:3      | Reached skill level 5 in Long Blades
  2018 | D:3      | Reached skill level 2 in Stealth
  2018 | D:3      | Reached XP level 5. HP: 7/36 MP: 1/5
  2718 | D:3      | Found a shadowy altar of Dithmenos.
  2794 | D:3      | Reached skill level 3 in Stealth
  2943 | D:3      | Became a worshipper of Dithmenos the Shadowed
  3134 | D:3      | Identified a scroll of acquirement
  3134 | D:3      | Acquired the amulet of the Quahog {Fragile Will+ Regen+
                  | Dex+6 Stlth+}
  3293 | D:4      | Reached XP level 6. HP: 42/42 MP: 6/6
  3546 | D:4      | Found a staircase to the Ecumenical Temple.
  3574 | D:4      | Reached skill level 4 in Stealth
  3635 | D:4      | Found Guthreupp's Magic Scroll Emporium.
  3727 | D:4      | Found a sparkling altar of Nemelex Xobeh.
  4021 | D:5      | Entered Level 5 of the Dungeon
  4027 | D:5      | Noticed a water moccasin
  4035 | D:5      | Killed a water moccasin
  4036 | D:5      | Reached skill level 6 in Long Blades
  4036 | D:5      | Reached skill level 5 in Stealth
  4036 | D:5      | Reached XP level 7. HP: 22/46 MP: 7/7
  4096 | D:5      | Noticed Grinder
  4118 | D:5      | Killed Grinder
  4119 | D:5      | Reached skill level 6 in Stealth
  4201 | D:5      | Reached skill level 7 in Long Blades
  4201 | D:5      | Reached skill level 7 in Stealth
  4232 | D:5      | Reached XP level 8. HP: 29/52 MP: 8/8
  4389 | D:5      | Killed by an exploding adder... ignited by their inner
                  | flame

Vanquished Creatures
  Grinder (D:5)
  A water moccasin (D:5)
  A black bear (D:5)
  A phantom (D:3)
  2 scorpions
  2 hounds
  Terence (D:2)
  An iguana (D:4)
  10 adders
  A white imp (D:5)
  An ufetubus (D:3)
  2 worms
  2 dart slugs
  An orc (D:3)
  8 ball pythons
  9 endoplasms
  4 giant cockroaches
  6 goblins
  7 hobgoblins
  4 quokkas
  5 bats
  3 frilled lizards
  6 kobolds
  8 rats
87 creatures vanquished.

Vanquished Creatures (others)
  2 plants (D:2)
2 creatures vanquished.

Grand Total: 89 creatures vanquished

Table legend:
 A = Non-vault XP
 B = Vault XP
 C = Vault XP percentage of total XP
 D = Non-vault monster count
 E = Vault monster count
 F = Vault count percentage of total count
                 A         B        C        D         E       F
            +---------+---------+-------+---------+---------+-------
      Total |     801 |     455 |  36.2 |      77 |      10 |  11.5
            +---------+---------+-------+---------+---------+-------
        D:1 |      36 |       9 |  20.0 |      25 |       5 |  16.7
        D:2 |      46 |      38 |  45.2 |      17 |       1 |   5.6
        D:3 |     172 |       7 |   3.9 |      16 |       2 |  11.1
        D:4 |     217 |       0 |   0.0 |      12 |       0 |   0.0
        D:5 |     330 |     401 |  54.9 |       7 |       2 |  22.2
            +---------+---------+-------+---------+---------+-------

Illustrated notes

Table legend:
 A = Kills in this place as a percentage of kills in entire the game.
 B = Kills by you in this place as a percentage of kills by you in the entire game.
 C = Kills by friends in this place as a percentage of kills by friends in the entire game.
 D = Other kills in this place as a percentage of other kills in the entire game.
 E = Experience gained in this place as a percentage of experience gained in the entire game.
 F = Experience gained in this place divided by the number of levels of this place that you have seen.
                   A       B       C       D       E      F
               +-------+-------+-------+-------+-------+----------------------
         Total | 100.0 | 100.0 |   N/A |   N/A | 100.0 | 251.2
       Dungeon | 100.0 | 100.0 |   N/A |   N/A | 100.0 | 251.2
               +-------+-------+-------+-------+-------+----------------------

Table legend: (Time is in decaauts)
 A = Elapsed time spent in this place.
 B = Non-inter-level travel time spent in this place.
 C = Inter-level travel time spent in this place.
 D = Time resting spent in this place.
 E = Time spent auto-exploring this place.
 F = Levels seen in this place.
 G = Mean time per level.
                   A        B        C        D        E       F      G
               +--------+--------+--------+--------+--------+-----+--------+
         Total |   4445 |   4268 |    177 |    584 |   2989 |   5 |  889.0 |
       Dungeon |   4445 |   4268 |    177 |    584 |   2989 |   5 |  889.0 |
               +--------+--------+--------+--------+--------+-----+--------+

Top non-repeatable levels by time:
     D:3: 1335 daAuts
     D:1: 1106 daAuts
     D:2: 891 daAuts
     D:4: 740 daAuts
     D:5: 371 daAuts
